 Dungeon Sprint DCSS version 0.17.1-3-g152610e (webtiles) character file.

17 Kokonut the Cudgeler (level 2, 0/43 HPs)
             Began as a Troll Berserker on Mar 12, 2016.
             Was a Priest of Trog.
             Slain by a slave (7 damage)
             ... led by Pikel
             ... in the Dungeon (Sprint VII: "The Pits").
             The game lasted 00:01:19 (164 turns).

Kokonut the Cudgeler (Troll Berserker)               Turns: 164, Time: 00:01:19

Health: 0/43       AC:  5    Str: 29    XL:     2   Next: 44%
Magic:  1/1        EV: 10    Int:  3    God:    Trog [***...]
Gold:   0          SH:  0    Dex:  9    Spells: 0 memorised, 1 level left

rFire  . . .     SeeInvis .     o - +2 mace
rCold  . . .     Clarity  .     b - +0 animal skin
rNeg   . . .     SustAt   .     (no shield)
rPois  .         Gourm    +     (helmet restricted)
rElec  .         Spirit   .     (no cloak)
rCorr  .         Warding  .     (gloves unavailable)
rMut   .         NoTele   +     (boots unavailable)
MR     .....                    (no amulet)
Stlth  ..........               (no ring)
                                (no ring)

@: berserking (expiring), very quick, not resistant to hostile enchantments,
extremely unstealthy
A: unfitting armour, claws 3, fast metabolism 3, gourmand, regeneration 2,
shaggy fur 1, tough skin 2
a: Berserk, Trog's Hand, Burn Spellbooks, Renounce Religion


You were in the Dungeon.
You worshipped Trog.
Trog was most pleased with you.
You were completely stuffed.

You visited 1 branch

Inventory:

Hand Weapons
 a - a +0 mace
 o - a +2 mace (weapon)
Armour
 b - a +0 animal skin (worn)
Scrolls
 i - a scroll of blinking
 m - 3 scrolls of remove curse
 n - a scroll of summoning
Potions
 d - a potion of curing
 e - a potion of heal wounds
 f - a potion of haste
 g - 4 potions of magic
 h - 3 potions of berserk rage
 l - 2 potions of invisibility
Comestibles
 c - 9 bread rations
 j - 40 fruits
 k - 7 meat rations


   Skills:
 - Level 2.4 Fighting
 + Level 5.3 Maces & Flails
 - Level 2.4 Dodging


You had one spell level left.
You didn't know any spells.

Dungeon Overview and Level Annotations

Branches:
Dungeon (1/1)

Altars:
Ashenzari
Cheibriados
Dithmenos
Elyvilon
Fedhas
Kikubaaqudgha
Makhleb
Nemelex Xobeh
Okawaru
Ru
Sif Muna
Trog
Vehumet
Xom
Yredelemnul
Zin
The Shining One
Beogh
Jiyva
Lugonu

Annotations:
D Pikel


Innate Abilities, Weirdness & Mutations

You are too large for most types of armour.
You have claws for hands.
Your metabolism is lightning-fast.
You like to eat raw meat.
You heal very quickly.
You are covered in fur (AC +1).
You have very tough skin (AC +2).


Message History

Pikel is moderately wounded.
The slave misses you. The slave barely misses you. Pikel misses you.
You sock Pikel!
Pikel is heavily wounded.
The slave completely misses you. The slave hits you but does no damage.
Pikel closely misses you.
You closely miss Pikel.
Pikel is heavily wounded.
The slave closely misses you.
You barely miss Pikel.
Pikel is heavily wounded.
The slave hits you.
Pikel hits you with a whip of electrocution.
* * * LOW HITPOINT WARNING * * *
You hit Pikel.
Pikel is severely wounded.
The slave hits you.
* * * LOW HITPOINT WARNING * * *
The slave hits you!
You die...

#.))+.+..##........
#)))#.#?(##......#.
#######+#####........
#...........+........
#+#####)#####......#.
#.#...#.# #........
#.#...#.# ####+####
#.#...'.# #.......#
#.##@#### #.......#
#.#pKpJ.# #.......#
#.#.pp..# #...<...#
#.#....... #.......#
#.#........##.......#
#+###########.......#
#########


You could see Pikel, 4 slaves and an ooze.

Vanquished Creatures
  A river rat (D)
  An orc (D)
  A bat (D)
  A giant cockroach (D)
  A quokka (D)
  A giant newt (D)
  A rat (D)
7 creatures vanquished.

Notes
Turn   | Place    | Note
--------------------------------------------------------------
     0 | D        | Kokonut the Troll Berserker began the quest for the Orb.
     0 | D        | Reached XP level 1. HP: 22/22 MP: 0/0
    14 | D        | Reached skill level 3 in Maces & Flails
    50 | D        | Found a sacrificial altar of Ru.
    50 | D        | Found a basalt altar of Yredelemnul.
    50 | D        | Found a shadowy altar of Dithmenos.
    50 | D        | Found a deep blue altar of Sif Muna.
    50 | D        | Found a burning altar of Makhleb.
    50 | D        | Found a shimmering altar of Xom.
    50 | D        | Found an ancient bone altar of Kikubaaqudgha.
    50 | D        | Found a sparkling altar of Nemelex Xobeh.
    51 | D        | Found a glowing golden altar of the Shining One.
    51 | D        | Found a bloodstained altar of Trog.
    51 | D        | Found a shattered altar of Ashenzari.
    51 | D        | Found a white marble altar of Elyvilon.
    51 | D        | Found a snail-covered altar of Cheibriados.
    51 | D        | Found a blossoming altar of Fedhas.
    51 | D        | Found a radiant altar of Vehumet.
    51 | D        | Found a glowing silver altar of Zin.
    51 | D        | Found a corrupted altar of Lugonu.
    51 | D        | Found a viscous altar of Jiyva.
    51 | D        | Found a roughly hewn altar of Beogh.
    51 | D        | Found an iron altar of Okawaru.
    69 | D        | Reached ** piety under Trog
    69 | D        | Reached skill level 5 in Maces & Flails
    69 | D        | Reached XP level 2. HP: 13/29 MP: 1/1
   146 | D        | Noticed a slave
   146 | D        | Noticed a slave
   147 | D        | Noticed Pikel
   147 | D        | Noticed a slave
   148 | D        | Noticed a slave
   150 | D        | Reached *** piety under Trog
   164 | D        | Slain by a slave

Action                   || total
-------------------------++-------
Melee: Mace              ||    35
Invok: Berserk           ||     1
 Stab: Sleeping          ||     1
  Eat: Chunk             ||     7
